Wild vs Hurricanes

Created - March 18 2007 at 12:51

Goals
1 2 3 T
Wild 1 0 1 2
Hurricanes 1 1 1 3
Shots
1 2 3 T
Wild 22 14 7 43
Hurricanes 9 8 13 30

Period #1

1. Wild , Pavol Demitra 27 (Marian Gaborik, Kim Johnsson) at 0:28
2. Hurricanes , Mike Commodore 2 (Brent Sopel, Kevyn Adams) at 19:27

Penalities :
Scott Walker (CAR) for Clipping (Minor) at 1:07, Cam Ward (CAR) for Slashing (Minor) at 4:21 - Jeff Halpern served the penalty., Mike Commodore (CAR) for Diving (Minor) at 6:30, Eric Belanger (CAR) for High sticking (Minor) at 8:45, Glen Wesley (CAR) for Clipping (Minor) at 13:04

Period #2

3. Hurricanes , Cory Stillman 22 (David Tanabe, Eric Staal) at 9:05

Penalities :
Kim Johnsson (MIN) for Hooking (Minor) at 0:28, Justin Williams (CAR) for Clipping (Minor) at 1:02, Ray Whitney (CAR) for Fighting (Major) at 7:38, Eric Brewer (MIN) for Fighting (Major) at 7:38, Marian Gaborik (MIN) for Cross-checking (Minor) at 12:39, Scott Walker (CAR) for Roughing (Minor) at 14:46, Mike Commodore (CAR) for Diving (Minor) at 17:18

Period #3

4. Hurricanes , Ray Whitney 20 (Kurtis Foster) at 2:12
5. Wild , Pierre-Marc Bouchard 23 (Kyle Calder, Eric Brewer) at 15:58

Penalities :
Glen Wesley (CAR) for Hooking (Minor) at 13:44, Tim Gleason (MIN) for Delaying the game (Minor) at 16:11

Goalie Stats

Manny Fernandez (MIN), 27 saves from 30 shots - (0.900), L, 30-15-4, 60:00 minutes
Cam Ward (CAR), 41 saves from 43 shots - (0.953), W, 22-11-2, 60:00 minutes

Players Stats

Wild
Player Name              G  A  P  +/- PIM S  H  SB FO MP 
-----------------------------------------------------------
Brian Rolston            0  0  0   0  0   10 1  0  0  25 
Darryl Sydor             0  0  0  -1  0   1  2  0  0  21 
Eric Brewer              0  1  1  -1  5   0  3  3  0  18 
Gary Roberts             0  0  0   0  0   0  0  0  0  3  
Keith Carney             0  0  0   1  0   0  0  2  0  23 
Kim Johnsson             0  1  1   0  2   3  0  1  0  21 
Kyle Calder              0  1  1   0  0   4  0  0  1  15 
Marian Gaborik           0  1  1   1  2   6  0  0  5  18 
Mark Recchi              0  0  0  -1  0   4  0  0  2  21 
Martin Rucinsky          0  0  0  -1  0   2  0  0  1  16 
Martin Skoula            0  0  0  -1  0   0  0  0  0  21 
Martin Straka            0  0  0  -1  0   2  0  1  37 24 
Mikael Samuelsson        0  0  0   0  0   1  1  0  1  4  
Nick Schultz             0  0  0   0  0   1  2  0  0  16 
Pavol Demitra            1  0  1   0  0   1  0  0  25 22 
Pierre-Marc Bouchard     1  0  1   0  0   4  0  0  1  16 
Tim Gleason              0  0  0   0  2   0  0  0  0  4  
Wes Walz                 0  0  0   0  0   4  0  1  14 19 
Hurricanes
Player Name              G  A  P  +/- PIM S  H  SB FO MP 
-----------------------------------------------------------
Brad Isbister            0  0  0   0  0   0  0  0  0  8  
Brent Sopel              0  1  1  -1  0   0  0  1  0  23 
Bret Hedican             0  0  0   0  0   1  0  1  0  18 
Cory Stillman            1  0  1   0  0   2  0  0  1  20 
David Tanabe             0  1  1   1  0   1  0  4  0  21 
Eric Belanger            0  0  0   1  2   4  0  0  13 14 
Eric Staal               0  1  1   0  0   2  1  1  27 21 
Erik Cole                0  0  0  -1  0   4  3  0  13 18 
Glen Wesley              0  0  0   0  4   0  0  2  0  23 
Jeff Halpern             0  0  0   0  0   2  0  1  21 15 
Justin Williams          0  0  0   0  2   3  1  0  0  23 
Kevyn Adams              0  1  1   0  0   0  0  0  9  6  
Kurtis Foster            0  1  1   1  0   2  0  1  0  18 
Martin Havlat            0  0  0   0  0   4  0  0  1  17 
Mike Commodore           1  0  1   1  4   2  4  1  0  21 
Ray Whitney              1  0  1   1  5   1  0  0  0  11 
Scott Walker             0  0  0   1  4   0  1  0  1  11 
Shawn Bates              0  0  0   0  0   2  0  0  1  6  

3 Stars

1 - Cam Ward (CAR)
2 - Mike Commodore (CAR)
3 - Ray Whitney (CAR)

Power Play

Wild - 0 on 9 Attempt(s) - 0.00%
Hurricanes - 0 on 2 Attempt(s) - 0.00%

Penalty Kill

Wild - 2 on 2 Attempt(s) - 100.00% - Score 0 goal in Penalty Kill
Hurricanes - 9 on 9 Attempt(s) - 100.00% - Score 0 goal in Penalty Kill

Game Notes

Eric Brewer beats up Ray Whitney at 7:38 of 2nd period

Finance

Level 1 -- Attendance: 4322 (72.03%) -- Ticket Income $432,200.00
Level 2 -- Attendance: 4204 (78.13%) -- Ticket Income $252,240.00
Level 3 -- Attendance: 1811 (77.08%) -- Ticket Income $63,385.00
Level 4 -- Attendance: 4000 (100.00%) -- Ticket Income $80,000.00
Luxury Box -- Attendance: 757 (75.72%) -- Ticket Income $151,400.00
Game was played at the RBC Center
Total Attendance: 15094 (80.59%)
Total Ticket Income: $1,010,445.00
Other Income: $101,694.60
Total Income: $1,112,140.00


Play by Play

Period #1

0:01 of 1st period - Eric Staal wins face-off versus Marian Gaborik in neutral zone.
0:09 of 1st period - Marian Gaborik is hit by Erik Cole and loses puck.
0:16 of 1st period - Brian Rolston is hit by Mike Commodore and loses puck.
0:28 of 1st period - Shot by Pavol Demitra.
0:28 of 1st period - Goal by Pavol Demitra - Wild : 1 - Hurricanes : 0.
0:29 of 1st period - Jeff Halpern wins face-off versus Martin Straka in neutral zone.
0:44 of 1st period - Shot by Justin Williams.
0:44 of 1st period - Shot Blocked by Martin Straka.
0:49 of 1st period - Shot by Jeff Halpern.
0:49 of 1st period - Stopped by Manny Fernandez without a rebound.
0:50 of 1st period - Eric Belanger wins face-off versus Wes Walz in Wild zone.
1:00 of 1st period - Wes Walz is hit by Scott Walker and loses puck.
1:07 of 1st period - Minor Penalty to Scott Walker for Clipping.
1:08 of 1st period - Eric Staal wins face-off versus Pavol Demitra in Hurricanes zone.
2:17 of 1st period - Shot by Martin Rucinsky.
2:17 of 1st period - Stopped by Cam Ward without a rebound.
2:18 of 1st period - Cory Stillman wins face-off versus Martin Straka in Hurricanes zone.
3:13 of 1st period - Shot by Kyle Calder.
3:13 of 1st period - Stopped by Cam Ward without a rebound.
3:14 of 1st period - Wes Walz wins face-off versus Eric Belanger in Hurricanes zone.
3:41 of 1st period - Shot by Ray Whitney.
3:41 of 1st period - Shot Misses the Net.
3:42 of 1st period - Shot by Mike Commodore.
3:42 of 1st period - Stopped by Manny Fernandez with a rebound.
3:47 of 1st period - Shot by Eric Belanger.
3:47 of 1st period - Shot Blocked by Wes Walz.
3:48 of 1st period - Shot by Eric Belanger.
3:48 of 1st period - Shot Misses the Net.
3:49 of 1st period - Shot by Kurtis Foster.
3:49 of 1st period - Stopped by Manny Fernandez without a rebound.
3:50 of 1st period - Pavol Demitra wins face-off versus Jeff Halpern in Wild zone.
4:01 of 1st period - Shot by Marian Gaborik.
4:01 of 1st period - Shot Blocked by Jeff Halpern.
4:07 of 1st period - Icing by Jeff Halpern.
4:08 of 1st period - Jeff Halpern wins face-off versus Martin Straka in Hurricanes zone.
4:21 of 1st period - Shot by Martin Straka.
4:21 of 1st period - Stopped by Cam Ward without a rebound.
4:21 of 1st period - Minor Penalty to Cam Ward for Slashing.
4:22 of 1st period - Eric Staal wins face-off versus Martin Straka in Hurricanes zone.
4:39 of 1st period - Shot by Martin Rucinsky.
4:39 of 1st period - Shot Blocked by Eric Staal.
4:40 of 1st period - Shot by Darryl Sydor.
4:40 of 1st period - Stopped by Cam Ward without a rebound.
4:41 of 1st period - Pavol Demitra wins face-off versus Erik Cole in Hurricanes zone.
6:12 of 1st period - Shot by Justin Williams.
6:12 of 1st period - Stopped by Manny Fernandez without a rebound.
6:13 of 1st period - Eric Staal wins face-off versus Martin Straka in Wild zone.
6:26 of 1st period - Shot by Kyle Calder.
6:26 of 1st period - Stopped by Cam Ward without a rebound.
6:27 of 1st period - Wes Walz wins face-off versus Eric Belanger in Hurricanes zone.
6:27 of 1st period - Pierre-Marc Bouchard is hit by Mike Commodore and loses puck.
6:30 of 1st period - Minor Penalty to Mike Commodore for Diving.
6:31 of 1st period - Eric Staal wins face-off versus Martin Straka in Hurricanes zone.
7:38 of 1st period - Shot by Brian Rolston.
7:38 of 1st period - Stopped by Cam Ward without a rebound.
7:39 of 1st period - Eric Staal wins face-off versus Wes Walz in Hurricanes zone.
7:50 of 1st period - Shot by Brian Rolston.
7:50 of 1st period - Stopped by Cam Ward without a rebound.
7:51 of 1st period - Martin Straka wins face-off versus Eric Staal in Hurricanes zone.
8:45 of 1st period - Minor Penalty to Eric Belanger for High sticking.
8:46 of 1st period - Pavol Demitra wins face-off versus Erik Cole in neutral zone.
10:21 of 1st period - Shot by Marian Gaborik.
10:21 of 1st period - Shot Blocked by David Tanabe.
10:52 of 1st period - Shot by Kyle Calder.
10:52 of 1st period - Stopped by Cam Ward without a rebound.
10:53 of 1st period - Kyle Calder wins face-off versus Shawn Bates in Hurricanes zone.
10:54 of 1st period - Shot by Wes Walz.
10:54 of 1st period - Stopped by Cam Ward without a rebound.
10:55 of 1st period - Wes Walz wins face-off versus Eric Belanger in Hurricanes zone.
11:06 of 1st period - Shot by Kyle Calder.
11:06 of 1st period - Stopped by Cam Ward with a rebound.
11:07 of 1st period - Shot by Nick Schultz.
11:07 of 1st period - Stopped by Cam Ward with a rebound.
11:08 of 1st period - Shot by Wes Walz.
11:08 of 1st period - Shot Misses the Net.
11:09 of 1st period - Shot by Nick Schultz.
11:09 of 1st period - Stopped by Cam Ward without a rebound.
11:10 of 1st period - Kevyn Adams wins face-off versus Martin Straka in Hurricanes zone.
11:36 of 1st period - Icing by Brad Isbister.
11:37 of 1st period - Wes Walz wins face-off versus Kevyn Adams in Hurricanes zone.
12:57 of 1st period - Icing by Glen Wesley.
12:58 of 1st period - Jeff Halpern wins face-off versus Martin Straka in Hurricanes zone.
13:04 of 1st period - Minor Penalty to Glen Wesley for Clipping.
13:05 of 1st period - Eric Staal wins face-off versus Pavol Demitra in neutral zone.
13:24 of 1st period - Shot by Brian Rolston.
13:24 of 1st period - Stopped by Cam Ward without a rebound.
13:25 of 1st period - Erik Cole wins face-off versus Martin Rucinsky in Hurricanes zone.
14:30 of 1st period - Shot by Pavol Demitra.
14:30 of 1st period - Stopped by Cam Ward with a rebound.
14:35 of 1st period - Shot by Marian Gaborik.
14:35 of 1st period - Shot Misses the Net.
14:36 of 1st period - Shot by Kim Johnsson.
14:36 of 1st period - Stopped by Cam Ward without a rebound.
14:37 of 1st period - Erik Cole wins face-off versus Pavol Demitra in Hurricanes zone.
15:14 of 1st period - Shot by Wes Walz.
15:14 of 1st period - Stopped by Cam Ward with a rebound.
15:19 of 1st period - Shot by Pierre-Marc Bouchard.
15:19 of 1st period - Stopped by Cam Ward without a rebound.
15:20 of 1st period - Jeff Halpern wins face-off versus Martin Straka in Hurricanes zone.
15:27 of 1st period - Shot by Jeff Halpern.
15:27 of 1st period - Stopped by Manny Fernandez without a rebound.
15:28 of 1st period - Wes Walz wins face-off versus Eric Belanger in Wild zone.
15:53 of 1st period - Shot by Wes Walz.
15:53 of 1st period - Shot Blocked by Mike Commodore.
15:56 of 1st period - Shot by Wes Walz.
15:56 of 1st period - Stopped by Cam Ward without a rebound.
15:57 of 1st period - Martin Straka wins face-off versus Jeff Halpern in Hurricanes zone.
15:58 of 1st period - Shot by Martin Rucinsky.
15:58 of 1st period - Shot Hit the Post.
16:44 of 1st period - Martin Rucinsky is hit by Erik Cole and loses puck.
16:58 of 1st period - Shot by Erik Cole.
16:58 of 1st period - Stopped by Manny Fernandez without a rebound.
16:59 of 1st period - Eric Belanger wins face-off versus Pavol Demitra in Wild zone.
17:10 of 1st period - Shot by Pavol Demitra.
17:10 of 1st period - Shot Misses the Net.
17:13 of 1st period - Shot by Brian Rolston.
17:13 of 1st period - Stopped by Cam Ward with a rebound.
17:16 of 1st period - Shot by Brian Rolston.
17:16 of 1st period - Shot Blocked by Kurtis Foster.
17:17 of 1st period - Shot by Keith Carney.
17:17 of 1st period - Shot Blocked by Brent Sopel.
18:34 of 1st period - Shot by Justin Williams.
18:34 of 1st period - Stopped by Manny Fernandez with a rebound.
19:02 of 1st period - Off-side.
19:03 of 1st period - Martin Straka wins face-off versus Eric Staal in neutral zone.
19:07 of 1st period - Off-side.
19:08 of 1st period - Martin Straka wins face-off versus Kevyn Adams in neutral zone.
19:21 of 1st period - Shot by Martin Rucinsky.
19:21 of 1st period - Stopped by Cam Ward with a rebound.
19:26 of 1st period - Shot by Brent Sopel.
19:26 of 1st period - Shot Misses the Net.
19:27 of 1st period - Shot by Mike Commodore.
19:27 of 1st period - Goal by Mike Commodore - Wild : 1 - Hurricanes : 1.
19:28 of 1st period - Pavol Demitra wins face-off versus Eric Staal in neutral zone.
19:33 of 1st period - Shot by Kim Johnsson.
19:33 of 1st period - Stopped by Cam Ward without a rebound.
19:34 of 1st period - Pavol Demitra wins face-off versus Eric Belanger in Hurricanes zone.
19:35 of 1st period - Shot by Marian Gaborik.
19:35 of 1st period - Shot Misses the Net.
19:40 of 1st period - Shot by Eric Belanger.
19:40 of 1st period - Shot Hit the Post.
19:43 of 1st period - Shot by Eric Belanger.
19:43 of 1st period - Stopped by Manny Fernandez without a rebound.
19:44 of 1st period - Mark Recchi wins face-off versus Eric Staal in Wild zone.

Period #2

0:01 of 2nd period - Pavol Demitra wins face-off versus Eric Staal in neutral zone.
0:28 of 2nd period - Shot by Brian Rolston.
0:28 of 2nd period - Shot Misses the Net.
0:28 of 2nd period - Minor Penalty to Kim Johnsson for Hooking.
0:29 of 2nd period - Jeff Halpern wins face-off versus Martin Straka in Hurricanes zone.
0:39 of 2nd period - Off-side.
0:40 of 2nd period - Martin Straka wins face-off versus Jeff Halpern in neutral zone.
1:02 of 2nd period - Minor Penalty to Justin Williams for Clipping.
1:03 of 2nd period - Pavol Demitra wins face-off versus Eric Staal in Wild zone.
2:16 of 2nd period - Shot by Mark Recchi.
2:16 of 2nd period - Stopped by Cam Ward without a rebound.
2:17 of 2nd period - Martin Straka wins face-off versus Erik Cole in Hurricanes zone.
2:20 of 2nd period - Shot by Mark Recchi.
2:20 of 2nd period - Stopped by Cam Ward without a rebound.
2:21 of 2nd period - Erik Cole wins face-off versus Martin Straka in Hurricanes zone.
3:10 of 2nd period - Shot by Kyle Calder.
3:10 of 2nd period - Stopped by Cam Ward without a rebound.
3:11 of 2nd period - Eric Belanger wins face-off versus Wes Walz in Hurricanes zone.
3:30 of 2nd period - Shot by Pierre-Marc Bouchard.
3:30 of 2nd period - Shot Misses the Net.
3:31 of 2nd period - Shot by Eric Brewer.
3:31 of 2nd period - Shot Misses the Net.
3:35 of 2nd period - Icing by Scott Walker.
3:36 of 2nd period - Eric Belanger wins face-off versus Martin Straka in Hurricanes zone.
3:45 of 2nd period - Shot by Mark Recchi.
3:45 of 2nd period - Stopped by Cam Ward without a rebound.
3:46 of 2nd period - Jeff Halpern wins face-off versus Martin Straka in Hurricanes zone.
3:57 of 2nd period - Shot by Martin Straka.
3:57 of 2nd period - Stopped by Cam Ward without a rebound.
3:58 of 2nd period - Pavol Demitra wins face-off versus Kevyn Adams in Hurricanes zone.
4:08 of 2nd period - Icing by Mike Commodore.
4:09 of 2nd period - Wes Walz wins face-off versus Kevyn Adams in Hurricanes zone.
4:11 of 2nd period - Pierre-Marc Bouchard is hit by Mike Commodore and loses puck.
4:29 of 2nd period - Shot by Shawn Bates.
4:29 of 2nd period - Shot Misses the Net.
4:32 of 2nd period - Shot by Shawn Bates.
4:32 of 2nd period - Stopped by Manny Fernandez without a rebound.
4:33 of 2nd period - Jeff Halpern wins face-off versus Martin Straka in Wild zone.
5:00 of 2nd period - Shot by Martin Havlat.
5:00 of 2nd period - Stopped by Manny Fernandez with a rebound.
5:01 of 2nd period - Shot by David Tanabe.
5:01 of 2nd period - Stopped by Manny Fernandez without a rebound.
5:02 of 2nd period - Pavol Demitra wins face-off versus Eric Belanger in Wild zone.
5:15 of 2nd period - Shot by Eric Belanger.
5:15 of 2nd period - Stopped by Manny Fernandez without a rebound.
5:16 of 2nd period - Wes Walz wins face-off versus Kevyn Adams in Wild zone.
6:39 of 2nd period - Shot by Brian Rolston.
6:39 of 2nd period - Stopped by Cam Ward without a rebound.
6:40 of 2nd period - Jeff Halpern wins face-off versus Martin Straka in Hurricanes zone.
6:48 of 2nd period - Martin Havlat is hit by Darryl Sydor and loses puck.
7:04 of 2nd period - Shot by Mark Recchi.
7:04 of 2nd period - Shot Misses the Net.
7:05 of 2nd period - Shot by Martin Skoula.
7:05 of 2nd period - Shot Blocked by David Tanabe.
7:09 of 2nd period - Icing by Jeff Halpern.
7:10 of 2nd period - Jeff Halpern wins face-off versus Pierre-Marc Bouchard in Hurricanes zone.
7:14 of 2nd period - Martin Havlat is hit by Eric Brewer and loses puck.
7:38 of 2nd period - Shot by Ray Whitney.
7:38 of 2nd period - Shot Blocked by Eric Brewer.
7:38 of 2nd period - Eric Brewer beats up Ray Whitney.
7:38 of 2nd period - Penalty to Ray Whitney for Fighting.
7:38 of 2nd period - Penalty to Eric Brewer for Fighting.
7:39 of 2nd period - Pavol Demitra wins face-off versus Eric Staal in Wild zone.
8:36 of 2nd period - Shot by Erik Cole.
8:36 of 2nd period - Shot Misses the Net.
8:39 of 2nd period - Shot by Justin Williams.
8:39 of 2nd period - Shot Blocked by Kim Johnsson.
9:02 of 2nd period - Shot by Eric Staal.
9:02 of 2nd period - Stopped by Manny Fernandez with a rebound.
9:05 of 2nd period - Shot by Cory Stillman.
9:05 of 2nd period - Goal by Cory Stillman - Wild : 1 - Hurricanes : 2.
9:06 of 2nd period - Erik Cole wins face-off versus Mark Recchi in neutral zone.
9:19 of 2nd period - Shot by Martin Straka.
9:19 of 2nd period - Stopped by Cam Ward without a rebound.
9:20 of 2nd period - Eric Staal wins face-off versus Martin Straka in Hurricanes zone.
9:46 of 2nd period - Off-side.
9:47 of 2nd period - Erik Cole wins face-off versus Martin Straka in neutral zone.
10:00 of 2nd period - Shot by Justin Williams.
10:00 of 2nd period - Shot Misses the Net.
10:51 of 2nd period - Shot by Brian Rolston.
10:51 of 2nd period - Stopped by Cam Ward without a rebound.
10:52 of 2nd period - Martin Havlat wins face-off versus Pavol Demitra in Hurricanes zone.
11:16 of 2nd period - Off-side.
11:17 of 2nd period - Erik Cole wins face-off versus Martin Straka in neutral zone.
11:42 of 2nd period - Shot by Erik Cole.
11:42 of 2nd period - Stopped by Manny Fernandez without a rebound.
11:43 of 2nd period - Marian Gaborik wins face-off versus Eric Staal in Wild zone.
11:54 of 2nd period - Shot by Marian Gaborik.
11:54 of 2nd period - Stopped by Cam Ward without a rebound.
11:55 of 2nd period - Eric Staal wins face-off versus Pavol Demitra in Hurricanes zone.
12:16 of 2nd period - Shot by Eric Staal.
12:16 of 2nd period - Shot Blocked by Keith Carney.
12:21 of 2nd period - Shot by Eric Staal.
12:21 of 2nd period - Stopped by Manny Fernandez without a rebound.
12:22 of 2nd period - Martin Straka wins face-off versus Erik Cole in Wild zone.
12:38 of 2nd period - Justin Williams is hit by Nick Schultz and loses puck.
12:39 of 2nd period - Minor Penalty to Marian Gaborik for Cross-checking.
12:40 of 2nd period - Martin Straka wins face-off versus Jeff Halpern in Wild zone.
13:05 of 2nd period - Shot by Martin Havlat.
13:05 of 2nd period - Shot Misses the Net.
14:42 of 2nd period - Shot by Mikael Samuelsson.
14:42 of 2nd period - Shot Blocked by David Tanabe.
14:45 of 2nd period - Shot by Brian Rolston.
14:45 of 2nd period - Stopped by Cam Ward with a rebound.
14:46 of 2nd period - Shot by Kim Johnsson.
14:46 of 2nd period - Stopped by Cam Ward without a rebound.
14:46 of 2nd period - Minor Penalty to Scott Walker for Roughing.
14:47 of 2nd period - Martin Straka wins face-off versus Eric Staal in Hurricanes zone.
14:48 of 2nd period - Eric Staal wins face-off versus Pavol Demitra in Hurricanes zone.
14:54 of 2nd period - Icing by Keith Carney.
14:55 of 2nd period - Pavol Demitra wins face-off versus Erik Cole in Wild zone.
16:22 of 2nd period - Shot by Marian Gaborik.
16:22 of 2nd period - Stopped by Cam Ward without a rebound.
16:23 of 2nd period - Martin Straka wins face-off versus Eric Staal in Hurricanes zone.
16:38 of 2nd period - Shot by Martin Straka.
16:38 of 2nd period - Shot Misses the Net.
16:41 of 2nd period - Shot by Mark Recchi.
16:41 of 2nd period - Stopped by Cam Ward without a rebound.
16:42 of 2nd period - Wes Walz wins face-off versus Erik Cole in Hurricanes zone.
16:43 of 2nd period - Shot by Marian Gaborik.
16:43 of 2nd period - Stopped by Cam Ward with a rebound.
17:09 of 2nd period - Kyle Calder is hit by Mike Commodore and loses puck.
17:18 of 2nd period - Minor Penalty to Mike Commodore for Diving.
17:19 of 2nd period - Pavol Demitra wins face-off versus Erik Cole in Hurricanes zone.
17:31 of 2nd period - Icing by Keith Carney.
17:32 of 2nd period - Pavol Demitra wins face-off versus Eric Staal in Wild zone.
17:51 of 2nd period - Shot by Marian Gaborik.
17:51 of 2nd period - Shot Blocked by Bret Hedican.
19:21 of 2nd period - Icing by Kurtis Foster.
19:22 of 2nd period - Pavol Demitra wins face-off versus Eric Belanger in Hurricanes zone.
19:48 of 2nd period - Eric Belanger is hit by Nick Schultz and loses puck.
19:56 of 2nd period - Shot by Eric Belanger.
19:56 of 2nd period - Shot Misses the Net.
19:57 of 2nd period - Shot by Mike Commodore.
19:57 of 2nd period - Shot Blocked by Eric Brewer.

Period #3

0:01 of 3rd period - Pavol Demitra wins face-off versus Eric Staal in neutral zone.
0:27 of 3rd period - Eric Staal is hit by Brian Rolston and loses puck.
0:29 of 3rd period - Shot by Eric Staal.
0:29 of 3rd period - Stopped by Manny Fernandez with a rebound.
0:49 of 3rd period - Icing by Keith Carney.
0:50 of 3rd period - Jeff Halpern wins face-off versus Pavol Demitra in Wild zone.
1:07 of 3rd period - Shot by Mark Recchi.
1:07 of 3rd period - Shot Blocked by Glen Wesley.
2:12 of 3rd period - Shot by Ray Whitney.
2:12 of 3rd period - Goal by Ray Whitney - Wild : 1 - Hurricanes : 3.
2:13 of 3rd period - Kevyn Adams wins face-off versus Mikael Samuelsson in neutral zone.
2:25 of 3rd period - Off-side.
2:26 of 3rd period - Eric Belanger wins face-off versus Wes Walz in neutral zone.
2:53 of 3rd period - Shot by Eric Belanger.
2:53 of 3rd period - Shot Misses the Net.
2:56 of 3rd period - Shot by Ray Whitney.
2:56 of 3rd period - Shot Misses the Net.
3:27 of 3rd period - Shot by Erik Cole.
3:27 of 3rd period - Stopped by Manny Fernandez without a rebound.
3:28 of 3rd period - Kevyn Adams wins face-off versus Martin Straka in Wild zone.
3:28 of 3rd period - Shawn Bates is hit by Darryl Sydor and loses puck.
3:39 of 3rd period - Icing by Darryl Sydor.
3:40 of 3rd period - Martin Straka wins face-off versus Jeff Halpern in Wild zone.
3:53 of 3rd period - Shot by Martin Straka.
3:53 of 3rd period - Shot Misses the Net.
3:54 of 3rd period - Shot by Darryl Sydor.
3:54 of 3rd period - Shot Misses the Net.
4:31 of 3rd period - Shot by Eric Belanger.
4:31 of 3rd period - Stopped by Manny Fernandez with a rebound.
4:53 of 3rd period - Icing by Kim Johnsson.
4:54 of 3rd period - Pavol Demitra wins face-off versus Eric Staal in Wild zone.
5:09 of 3rd period - Shot by Erik Cole.
5:09 of 3rd period - Shot Blocked by Keith Carney.
5:28 of 3rd period - Shot by Bret Hedican.
5:28 of 3rd period - Stopped by Manny Fernandez without a rebound.
5:29 of 3rd period - Scott Walker wins face-off versus Martin Straka in Wild zone.
6:27 of 3rd period - Pierre-Marc Bouchard is hit by Justin Williams and loses puck.
6:53 of 3rd period - Shot by Martin Havlat.
6:53 of 3rd period - Stopped by Manny Fernandez with a rebound.
6:54 of 3rd period - Shot by Martin Havlat.
6:54 of 3rd period - Shot Blocked by Eric Brewer.
6:57 of 3rd period - Shot by Justin Williams.
6:57 of 3rd period - Stopped by Manny Fernandez with a rebound.
7:07 of 3rd period - Pierre-Marc Bouchard is hit by Erik Cole and loses puck.
7:22 of 3rd period - Kyle Calder is hit by Eric Staal and loses puck.
7:42 of 3rd period - Shot by Erik Cole.
7:42 of 3rd period - Stopped by Manny Fernandez without a rebound.
7:43 of 3rd period - Kevyn Adams wins face-off versus Pavol Demitra in Wild zone.
8:40 of 3rd period - Shot by Martin Havlat.
8:40 of 3rd period - Stopped by Manny Fernandez without a rebound.
8:41 of 3rd period - Martin Straka wins face-off versus Jeff Halpern in Wild zone.
9:50 of 3rd period - Shot by Eric Belanger.
9:50 of 3rd period - Stopped by Manny Fernandez with a rebound.
10:19 of 3rd period - Shot by Marian Gaborik.
10:19 of 3rd period - Stopped by Cam Ward with a rebound.
10:30 of 3rd period - Shot by Brian Rolston.
10:30 of 3rd period - Stopped by Cam Ward with a rebound.
10:31 of 3rd period - Shot by Kim Johnsson.
10:31 of 3rd period - Stopped by Cam Ward without a rebound.
10:32 of 3rd period - Wes Walz wins face-off versus Jeff Halpern in Hurricanes zone.
10:49 of 3rd period - Shot by Pierre-Marc Bouchard.
10:49 of 3rd period - Stopped by Cam Ward with a rebound.
11:42 of 3rd period - Shot by Shawn Bates.
11:42 of 3rd period - Stopped by Manny Fernandez without a rebound.
11:43 of 3rd period - Wes Walz wins face-off versus Eric Staal in Wild zone.
12:48 of 3rd period - Shot by Martin Straka.
12:48 of 3rd period - Shot Blocked by David Tanabe.
13:25 of 3rd period - Shot by Mark Recchi.
13:25 of 3rd period - Shot Blocked by Glen Wesley.
13:44 of 3rd period - Shot by Brian Rolston.
13:44 of 3rd period - Stopped by Cam Ward without a rebound.
13:44 of 3rd period - Minor Penalty to Glen Wesley for Hooking.
13:45 of 3rd period - Marian Gaborik wins face-off versus Eric Staal in Hurricanes zone.
13:46 of 3rd period - Eric Staal wins face-off versus Martin Straka in Hurricanes zone.
14:41 of 3rd period - Shot by Brian Rolston.
14:41 of 3rd period - Stopped by Cam Ward with a rebound.
15:58 of 3rd period - Shot by Pierre-Marc Bouchard.
15:58 of 3rd period - Goal by Pierre-Marc Bouchard - Wild : 2 - Hurricanes : 3.
15:59 of 3rd period - Eric Belanger wins face-off versus Martin Straka in neutral zone.
15:59 of 3rd period - Scott Walker is hit by Mikael Samuelsson and loses puck.
16:07 of 3rd period - Shot by Eric Belanger.
16:07 of 3rd period - Shot Hit the Post.
16:10 of 3rd period - Shot by Ray Whitney.
16:10 of 3rd period - Shot Misses the Net.
16:11 of 3rd period - Shot by Kurtis Foster.
16:11 of 3rd period - Stopped by Manny Fernandez without a rebound.
16:11 of 3rd period - Minor Penalty to Tim Gleason for Delaying the game.
16:12 of 3rd period - Jeff Halpern wins face-off versus Marian Gaborik in Wild zone.
16:13 of 3rd period - Martin Straka wins face-off versus Jeff Halpern in Wild zone.
16:22 of 3rd period - Shot by Justin Williams.
16:22 of 3rd period - Stopped by Manny Fernandez without a rebound.
16:23 of 3rd period - Martin Straka wins face-off versus Eric Staal in Wild zone.
17:15 of 3rd period - Icing by Glen Wesley.
17:16 of 3rd period - Jeff Halpern wins face-off versus Marian Gaborik in Hurricanes zone.
17:18 of 3rd period - Icing by Martin Havlat.
17:19 of 3rd period - Jeff Halpern wins face-off versus Martin Straka in Hurricanes zone.
18:27 of 3rd period - Ray Whitney is hit by Eric Brewer and loses puck.
18:40 of 3rd period - Ray Whitney is hit by Eric Brewer and loses puck.
19:10 of 3rd period - Wild,Manny Fernandez is pulled from the net.


Output by the SimonT Hockey Simulator (STHS) for Stephane Roy -- Original Page W3C XHTML 1.0 Valid